 Dungeon Crawl Stone Soup version 0.22.0-32-gbc6daba (webtiles) character file.

17 Wesco the Caller (level 2, -40/21 HPs)
             Began as a Barachi Summoner on Aug 23, 2018.
             Killed from afar by an adder (43 damage)
             ... with an exploding inner flame
             ... hexed by the player character
             ... on level 2 of the Dungeon.
             The game lasted 00:14:52 (1306 turns).

Wesco the Caller (Barachi Summoner)                 Turns: 1306, Time: 00:14:59

Health: -40/21     AC:  4    Str:  9    XL:     2   Next: 62%
Magic:  14/14      EV: 12    Int: 15    God:
Gold:   30         SH:  0    Dex: 14    Spells: 2/5 levels left

rFire    . . .     SeeInvis .   e - +0 hand axe
rCold    + . .     Gourm    .   (no shield)
rNeg     . . .     Faith    .   i - +1 leather armour
rPois    .         Spirit   .   (no helmet)
rElec    .         Reflect  .   (no cloak)
rCorr    .         Harm     .   (no gloves)
MR       .....                  (no boots)
Stlth    ++........             (no amulet)
HPRegen  0.07/turn              g - ring of magical power
MPRegen  0.14/turn              (no ring)

@: lethally poisoned (-40 -> -48), slow
A: +LOS, swims, agile 1, cold resistance 1, slowness 1, MP-powered wands, strong
legs 1
a: Hop


You were on level 2 of the Dungeon.
You were not hungry.

You visited 1 branch of the dungeon, and saw 2 of its levels.

You collected 30 gold pieces.

Inventory:

Hand Weapons
 e - a +0 hand axe (weapon)
 h - a +0 dagger
Missiles
 d - 16 stones (quivered)
 k - 19 arrows
 l - 14 poisoned needles
 m - 25 bolts
Armour
 a - a +0 robe
 i - a +1 leather armour (worn)
 j - a +0 ring mail
Jewellery
 g - a ring of magical power (left hand)
Scrolls
 b - 4 scrolls of identify
Comestibles
 c - a ration
 o - a chunk of flesh


   Skills:
 * Level 1.2 Fighting
 * Level 1.0 Axes
 + Level 0.2 Throwing
 + Level 0.5 Armour
 + Level 2.2 Dodging
 - Level 1.7 Stealth
 + Level 2.2 Spellcasting
 + Level 5.0 Summonings


You had 2 spell levels left.
You knew the following spells:

 Your Spells              Type           Power        Failure   Level  Hunger
a - Summon Small Mammal   Summ           ###.         3%          1    #......
b - Call Imp              Summ           ###.....     5%          2    ###....

Your spell library contained the following spells:

 Spells                   Type           Power        Failure   Level  Hunger
 Call Canine Familiar     Summ           ###.....     11%         3    ###....
 Summon Guardian Golem    Hex/Summ       #.......     32%         3    ###....
 Summon Ice Beast         Ice/Summ       #.......     71%         4    #####..
 Summon Lightning Spire   Summ/Air       #.......     71%         4    #####..


Dungeon Overview and Level Annotations

Branches:
Dungeon (2/15)

Altars:


Innate Abilities, Weirdness & Mutations

Shadows flee at your approach. (+LOS)
You can swim through water.
You cover ground slowly.
You can hop short distances.
You are agile. (Dex +2)
Your flesh is cold resistant. (rC+)
You expend magic power (3 MP) to strengthen your wands.


Message History

You barely miss the adder.
The adder is lightly wounded.
* * * LOW HITPOINT WARNING * * *
You feel sick.
Your rat closely misses the adder.
The adder bites you but does no damage.
You hit the adder.
The adder is heavily wounded.
* * * LOW HITPOINT WARNING * * *
You feel sick. The adder bites you.
* * * LOW HITPOINT WARNING * * *
Your rat closely misses the adder.
The adder closely misses you.
Your rat barely misses the adder.
You hit the adder.
The adder explodes!
The fiery explosion engulfs your rat.
You kill your rat!
Your rat's corpse disappears in a puff of smoke!
The fiery explosion engulfs you!
Ouch! That really hurt!
You die...

#####.....##
.....###...######
................#
##...###...####.##
.................#
.##.###.#.#####.†##
.##.# #.#.# #...#
....# #.#.#
##§§#######..#
.#.## #.#.#
####@§§........#
##. #.#.#
#...§§#######.## #.
#.#.# #.###.# #.
....... #.# #.
#..... #.# ###.#
#.# # #.# #.# ...


There were no monsters in sight!

Vanquished Creatures
  A leopard gecko (D:1)
  A goblin (D:2)
  2 hobgoblins
  3 bats
  A kobold (D:2)
  3 rats (D:1)
  4 plants (D:1)
15 creatures vanquished.

Vanquished Creatures (collateral kills)
  A leopard gecko (D:2)
  2 goblins (D:1)
  A frilled lizard (D:1)
  2 kobolds
  A rat (D:1)
7 creatures vanquished.

Grand Total: 22 creatures vanquished

Notes
Turn   | Place    | Note
-------+----------+-------------------------------------------
     0 | D:1      | Wesco the Barachi Summoner began the quest for the Orb.
     0 | D:1      | Reached XP level 1. HP: 13/13 MP: 3/3
   864 | D:1      | Reached XP level 2. HP: 20/20 MP: 5/5
   878 | D:1      | Learned a level 2 spell: Call Imp
   979 | D:1      | Reached skill level 5 in Summonings
   981 | D:1      | Reached skill level 1 in Fighting
  1053 | D:2      | Reached skill level 1 in Axes
  1254 | D:2      | Gained mutation: You are agile. (Dex +2) [potion of mutation]
  1254 | D:2      | Gained mutation: You expend magic power (3 MP) to strengthen your wands. [potion of mutation]
  1254 | D:2      | Gained mutation: Your flesh is cold resistant. (rC+) [potion of mutation]
  1306 | D:2      | Killed from afar by an adder

Skill      XL: |  1  2 |
---------------+-------+-----
Summonings     | 5 |  5.0
Fighting       | 1 |  1.2
Axes           | 1 |  1.0
Throwing       | |  0.2
Armour         | |  0.5
Dodging        | |  2.2
Stealth        | |  1.7
Spellcasting   | |  2.2

Action                   || total
-------------------------++-------
Melee: Hand axe          ||   252
Throw: Stone             ||    11
 Cast: Summon Small Mamm ||    10
  Use: Scroll            ||     5
       Potion            ||     4
  Eat: Ration            ||     1
       Chunk             ||     1
Armor: Ring mail         ||    12
       Leather armour    ||    19
Dodge: Dodged            ||    60
